[Event "Early-Titled-Tuesday-Blitz-March-05-2024"]
[Site "Chess.com"]
[Date "2024.03.05"]
[Round "9"]
[White "dianamirza"]
[Black "ChessFanNM"]
[Result "0-1"]
[WhiteElo "2008"]
[BlackElo "2256"]
[TimeControl "180+1"]
[EndTime "9:47:16 PST"]
[Termination "ChessFanNM won by resignation"]

1. e4 c6 2. d4 d5 3. exd5 cxd5 4. Bd3 Nc6 5. c3 Nf6 6. Bf4 Bg4 7. Qb3 Qc8 8. Nd2 e6 9. Ngf3 Be7 10. O-O O-O 11. h3 Bh5 12. Ne5 Nxe5 13. Bxe5 Bg6 14. Bxg6 hxg6 15. f4 a6 16. g4 b5 17. Nf3 Qc4 18.
Qxc4 bxc4 19. b3 Rfc8 20. Rac1 Ne4 21. b4 f6 22. Nh4 Kf7 23. f5 fxe5 24. fxe6+ Kxe6 25. Nxg6 exd4 26. cxd4 Bg5 27. Rce1 c3 28. h4 Bf6 29.
Nf4+ Kd6 30. Nxd5 Kxd5 31. Rf5+ Kxd4 32. Rf4 Re8 33. g5 Bd8 34. Kg2 c2 35. Kf3 Rc8 36. Rc1 Kd3 37. Rf7 Kd2 38. Rh1 c1=Q 39. Rd7+ Kc2 40. Rxc1+ Kxc1 41. Rxg7 Rc3+ 42. Kf4 Bc7+ 43. Kf5 Rf3+ 44. Kg4 Rg3+ 45. Kh5 Bf4 46. Rf7 Bxg5 47. hxg5 Rxg5+ 48. Kh6 Rh8+ 49. Rh7 Rxh7+ 50. Kxh7 Rb5 51.
Kg6 Rxb4 52. Kf5 Ra4 53. Ke5 Kc2 54. Kf4 Kb2 55. Ke5 Kc3 56. Kf5 Kd3 57. Kg4 Rxa2 58. Kf5 Ra4 59. Ke6 Rd4 60. Ke5 a5 61. Ke6 a4 62.
Ke5 a3 63. Ke6 a2 64. Ke5 a1=Q 65. Ke6 Qa6+ 66. Ke5 Qb5+ 67. Ke6 Rd6+ 68. Ke7 Qe5+ 0-1

[Event "Early-Titled-Tuesday-Blitz-March-05-2024"]
[Site "Chess.com"]
[Date "2024.03.05"]
[Round "9"]
[White "FairChess_on_YouTube"]
[Black "xxysoul6"]
[Result "0-1"]
[WhiteElo "3091"]
[BlackElo "2953"]
[TimeControl "180+1"]
[EndTime "9:47:20 PST"]
[Termination "xxysoul6 won on time"]

1. d4 Nf6 2. c4 g6 3. Nf3 Bg7 4. g3 d5 5. cxd5 Nxd5 6. Bg2 Nb6 7. O-O Nc6 8. Nc3 Nxd4 9. Nxd4 Qxd4 10. Qxd4 Bxd4 11. Nb5 Be5 12. Bf4 Bxf4 13. gxf4 Kd8 14. Rfd1+ Nd7 15. Nd4 a5 16. Bd5 e6 17. Bg2 Ra6 18.
Rac1 c6 19. a3 Ke7 20. b4 axb4 21. axb4 Rb6 22. b5 c5 23. Nc2 Rxb5 24. Na3 Rb4 25.
Nc4 b5 26. Na5 Rxf4 27. Nc6+ Kf6 28. Na7 Nb6 29. Rxc5 b4 30. Rd6 Rc4 31. Rxc4 Nxc4 32. Rc6 Nd2 33. Rc2 Rd8 34. Nxc8 b3 35. Rb2 Rxc8 36.
Rxd2 Rc2 37. Rd1 b2 38. Be4 Rc1 39. Rf1 Ke5 40. Bd3 Kd4 41. Kg2 e5 42. Bb1 f5 43.
h4 Kc3 44. f3 Rxb1 45. Rxb1 Kc2 46. Rh1 b1=Q 47. Rxb1 Kxb1 48. Kf2 Kc2 0-1

[Event "Early-Titled-Tuesday-Blitz-March-05-2024"]
[Site "Chess.com"]
[Date "2024.03.05"]
[Round "9"]
[White "DeArron_Fox"]
[Black "K_A_S_T_O_R"]
[Result "1/2-1/2"]
[WhiteElo "2541"]
[BlackElo "2787"]
[TimeControl "180+1"]
[EndTime "9:47:20 PST"]
[Termination "Game drawn - insufficient material"]

1. d4 Nf6 2. c4 e6 3. Nf3 c5 4. d5 d6 5. Nc3 exd5 6. cxd5 g6 7. Nd2 Nbd7 8. e4 Bg7 9. Be2 O-O 10. O-O Re8 11.
Re1 a6 12. a4 Rb8 13. Qc2 Ne5 14. h3 g5 15. Nf1 g4 16. h4 Nfd7 17. h5 Qh4 18.
Ng3 Nf6 19. Bf4 Nxh5 20. Nxh5 Qxh5 21. Nd1 Qg6 22. Ne3 h5 23. b4 cxb4 24. Qc7 Ra8 25. Rab1 Qxe4 26. Bg3 Qg6 27. Rxb4 Bf8 28. Rb6 Qf6 29.
Bh2 Qd8 30. Qxd8 Rxd8 31. Rc1 Nd7 32. Rb2 Nc5 33. a5 b5 34. axb6 Bb7 35. Nc4 a5 36.
Bf1 a4 37. Ra2 Nb3 38. Rb1 Bxd5 39. Ne3 Be6 40. Bc4 Rdb8 41. Bxb3 Bxb3 42. Ra3 Rxb6 43.
Nc4 Rba6 44. Nxd6 Bxd6 45. Bxd6 Rxd6 46. Rbxb3 axb3 47. Rxa8+ Kg7 48. Rb8 Rd3 49. Rb5 Kg6 50.
Kh2 f5 51. Rb6+ Kg5 52. g3 h4 53. gxh4+ Kxh4 54. Rb8 Kg5 55. Rb4 f4 56. Kg2 Kf6 57.
Rxf4+ Ke5 58. Rxg4 Rd4 59. Rg5+ Kd6 60. Rb5 Rd3 61.
f4 Kc6 62. Rb8 Kd5 63. Kf2 Ke4 64. Rb4+ Kf5 65. Ke2 Rh3 66. Kd2 Rf3 67. Ke2 Rg3 68. Kd2 Rh3 69. Kc1 Rf3 70. Kb2 Rxf4 71. Rxf4+ Kxf4 72.
Kxb3 1/2-1/2

[Event "Early-Titled-Tuesday-Blitz-March-05-2024"]
[Site "Chess.com"]
[Date "2024.03.05"]
[Round "9"]
[White "Rikikits"]
[Black "BilodeauA"]
[Result "1-0"]
[WhiteElo "2869"]
[BlackElo "2992"]
[TimeControl "180+1"]
[EndTime "9:47:22 PST"]
[Termination "Rikikits won by resignation"]

1. Nf3 d5 2. e3 Nf6 3. b3 e6 4.
Bb2 Bd6 5. c4 O-O 6. g3 Nc6 7.
d4 Ne4 8. Nbd2 Nxd2 9. Qxd2 dxc4 10. bxc4 Qf6 11. Bg2 e5 12. O-O exd4 13. Nxd4 Ne5 14.
Rac1 Qg6 15. c5 Be7 16. c6 b6 17. Nb5 Nd3 18. Nxc7 Nxc1 19. Rxc1 Rb8 20. Nd5 Bd6 21. c7 Rb7 22. Nf6+ gxf6 23. Qxd6 f5 24. Qxg6+ hxg6 25. Bxb7 Bxb7 26. Rd1 Rc8 27. Rd8+ Kh7 28. f4 b5 29. Kf2 a5 30. Ke2 b4 31. Kd3 a4 32. Rxc8 Bxc8 33.
Kc4 b3 34. a3 Kg8 35. Kb5 Kf8 36. Kxa4 Ke8 37. Kxb3 Kd7 38. Be5 f6 39. Bxf6 Kxc7 40. Kc4 Kc6 41. Kd4 Kd6 42. e4 fxe4 43. Kxe4 Bb7+ 44.
Kd4 Bc6 45. Bd8 Bd7 46. Bg5 Be8 47. Kc4 Bd7 48. Kb4 Kc6 49. a4 Bg4 50. a5 Be2 51. Kc3 Kd5 52. Kd2 Ba6 53. Ke3 Bb5 54. g4 Ba6 55. Kf3 Bb7 56. Kg3 Ke4 57. h4 Ba6 58.
h5 gxh5 59. gxh5 Kf5 60. h6 Kg6 61. Kf3 1-0

[Event "Early-Titled-Tuesday-Blitz-March-05-2024"]
[Site "Chess.com"]
[Date "2024.03.05"]
[Round "9"]
[White "GAusal"]
[Black "abelmat"]
[Result "1-0"]
[WhiteElo "2285"]
[BlackElo "2052"]
[TimeControl "180+1"]
[EndTime "9:47:24 PST"]
[Termination "GAusal won on time"]

1. d4 d5 2. Nf3 e6 3. Bf4 Nf6 4. e3 Bd6 5. Ne5 O-O 6. Bd3 b6 7. c3 Bb7 8. h4 c5 9. Nd2 Nc6 10. Nxc6 Bxc6 11. Bxd6 Qxd6 12. h5 h6 13. Nf3 Nd7 14. Bc2 Rfe8 15. Qd3 Nf8 16. Ne5 Bb7 17. O-O a5 18. f4 Ba6 19. Qd2 Bxf1 20. Rxf1 b5 21.
f5 exf5 22. Rxf5 Re7 23. Qf2 f6 24. Nd3 c4 25. Nf4 Rae8 26. Rxd5 Qb8 27. e4 Rd8 28.
Rc5 Ne6 29. Nxe6 Rxe6 30. Qf5 Rb6 31. e5 b4 32. Qh7+ Kf7 33. Bg6+ Ke6 34. Qxg7 Rf8 35.
Rc7 Qd8 36. Qxh6 fxe5 37. Be4+ Rf6 38. Qh7 Rd6 39. d5+ Rxd5 40. Bxd5+ Qxd5 41. Qe7+ Kf5 42.
Rd7 Qe4 43. Rd1 Qe3+ 44. Kh1 Qf4 45. Qd7+ Kg5 46. Qg7+ Kh4 47. Qe7 Kg3 48. Qg7+ Kh4 49.
Qe7 Kg3 50. Re1 Qh4+ 51. Kg1 1-0

[Event "Early-Titled-Tuesday-Blitz-March-05-2024"]
[Site "Chess.com"]
[Date "2024.03.05"]
[Round "9"]
[White "GeorgiosSouleidis"]
[Black "Chessbard1972"]
[Result "1-0"]
[WhiteElo "2666"]
[BlackElo "2462"]
[TimeControl "180+1"]
[EndTime "9:47:25 PST"]
[Termination "GeorgiosSouleidis won on time"]

1. e4 c5 2. Be2 a6 3. f4 Nc6 4.
d3 e6 5. Nf3 d5 6. O-O dxe4 7.
dxe4 Qxd1 8. Rxd1 Nb4 9. Na3 b5 10. c3 Nc6 11. Be3 Nf6 12. Nd2 Bb7 13. Bf3 O-O-O 14.
Nc2 Be7 15. a4 Rd7 16. axb5 axb5 17. Nb3 c4 18. Nc5 Bxc5 19. Bxc5 Rhd8 20. Rxd7 Rxd7 21. e5 Nd5 22. g3 g5 23. fxg5 Nxe5 24. Bg2 Nc7 25.
Nd4 Nd3 26. Bxb7+ Kxb7 27. Ra7+ Kc8 28. Bb6 Nd5 29. Rxd7 Kxd7 30. Ba5 b4 31. Bxb4 N5xb4 32. cxb4 Nxb4 33. Kf2 Kd6 34. Ke3 Kd5 35. Nb5 Kc5 36.
Nc3 Nd5+ 37. Ke4 Nb4 38. Ke3 Nc6 39. Ke4 Kb4 40. Nd1 Kb3 41. Ne3 Nb4 42. Kd4 Nc6+ 43.
Kc5 Ne5 44. h4 c3 45. bxc3 Kxc3 46. Kd6 Nf3 47. Ke7 Kd3 48. Ng4 Ke4 49. Kxf7 Kf5 50. Ne3+ Ke4 51. Ng4 Kf5 52. Nh6+ Ke5 53. Kg7 Kd4 54. Nf7 e5 55. Nxe5 Kxe5 56. Kxh7 Kf5 57. g6 1-0

[Event "Early-Titled-Tuesday-Blitz-March-05-2024"]
[Site "Chess.com"]
[Date "2024.03.05"]
[Round "9"]
[White "JoliyRoger"]
[Black "kyuotbi"]
[Result "1-0"]
[WhiteElo "2426"]
[BlackElo "2307"]
[TimeControl "180+1"]
[EndTime "9:47:26 PST"]
[Termination "JoliyRoger won on time"]

1. d4 Nf6 2. c4 e6 3. Nc3 Bb4 4. a3 Bxc3+ 5. bxc3 c5 6. f3 Nc6 7. e4 d6 8. Be3 Qa5 9. Qd2 O-O 10. Bd3 e5 11. Ne2 Nd7 12. d5 Ne7 13. a4 a6 14.
O-O Qc7 15. g3 b6 16. f4 f6 17. Kh1 Rb8 18. h4 Rf7 19. f5 Nf8 20. g4 g6 21. Ng3 Bd7 22. g5 b5 23. axb5 axb5 24. cxb5 c4 25. Ra7 Qc8 26. Bc2 fxg5 27. f6 gxh4 28.
fxe7 Rxe7 29. Ne2 Qe8 30. Bh6 Rf7 31. Raa1 Bg4 32. Ng1 Nd7 33. Rxf7 Qxf7 34. Rf1 Qxf1 35. Bg5 Nf6 36. Bxh4 Bf3+ 37. Kh2 Ng4+ 38. Kg3 Qxg1+ 39. Kxf3 Rf8+ 40. Ke2 Qg2+ 41. Kd1 Rf1+ 42. Be1 Qf3+ 43. Kc1 Ne3 44. b6 Nxc2 45. Kxc2 Qd3+ 46. Kb2 Rxe1 47. Qxe1 Qh3 48. b7 Qg2+ 49. Ka1 Qc2 50. b8=Q+ Kg7 51.
Qc7+ Kg8 52. Qd8+ Kg7 53. Qa5 1-0

[Event "Early-Titled-Tuesday-Blitz-March-05-2024"]
[Site "Chess.com"]
[Date "2024.03.05"]
[Round "9"]
[White "awesomevishesh"]
[Black "Chernov_Mikhail"]
[Result "1-0"]
[WhiteElo "2652"]
[BlackElo "2408"]
[TimeControl "180+1"]
[EndTime "9:47:28 PST"]
[Termination "awesomevishesh won by resignation"]

1. d4 d5 2. c4 dxc4 3. Nf3 Nf6 4. e3 a6 5. Bxc4 e6 6. O-O c5 7. e4 cxd4 8. e5 Nd5 9. Qxd4 Nc6 10. Qe4 b5 11.
Bxd5 exd5 12. Qf4 Be6 13. Rd1 Be7 14. Nc3 O-O 15. Be3 Qd7 16. Nd4 Nxd4 17. Bxd4 Rac8 18. Qe3 Rc4 19. a3 Rfc8 20. h3 h6 21. Ne2 a5 22.
Rac1 a4 23. Bc3 Bc5 24. Nd4 Qa7 25. Ra1 b4 26. axb4 Bxb4 27. Bxb4 Rxb4 28. Qd2 Rbc4 29. Ra3 Qa6 30. Kh2 Qb6 31. Raa1 Rb4 32. Ra2 Rcc4 33.
Ne2 d4 34. Nf4 Bf5 35. g4 Be4 36. Re1 Bf3 37. Qd3 Bb7 38. e6 fxe6 39. Rxe6 Rc6 40.
Re7 Rf6 41. Re8+ Rf8 42. Rxf8+ Kxf8 43. Ra1 Qc6 44. Re1 g5 45. Qf5+ Kg7 46. Re7+ Kg8 47.
Qf7+ 1-0

[Event "Early-Titled-Tuesday-Blitz-March-05-2024"]
[Site "Chess.com"]
[Date "2024.03.05"]
[Round "9"]
[White "GilbertoHernandezAmura"]
[Black "Caroexpert"]
[Result "1-0"]
[WhiteElo "2469"]
[BlackElo "2590"]
[TimeControl "180+1"]
[EndTime "9:47:28 PST"]
[Termination "GilbertoHernandezAmura won on time"]

1. c4 a6 2. g3 e6 3. Bg2 d5 4. a4 Nf6 5. Nc3 c6 6. b3 d4 7. Ne4 Nxe4 8. Bxe4 f5 9. Bg2 e5 10. d3 Bb4+ 11. Bd2 a5 12. Bxb4 axb4 13. Nf3 Qe7 14.
O-O O-O 15. Re1 c5 16. e3 Qf6 17. exd4 exd4 18. Re5 Nd7 19. Rd5 Re8 20. Nh4 g6 21.
Qf1 Ra6 22. Nf3 Rae6 23. h4 h6 24. h5 g5 25. Nd2 g4 26. a5 Qf8 27. f3 Re2 28.
Rd1 Qe7 29. Kh1 Qe3 30. fxg4 Rxd2 31. Rxd2 Qxd2 32. Qxf5 Nf8 33. Qf6 Qd1+ 34. Kh2 Qxg4 35. Qxh6 Ne6 36. Re5 Qg7 37. Qxg7+ Kxg7 38. Bh3 Kf6 39.
Rf5+ Ke7 40. Re5 Kd6 41. Rd5+ Kc6 42. Bg2 Kc7 43. h6 Rh8 44. Rh5 Nf8 45. Be4 Kd6 46.
h7 Be6 47. Rh6 Ke7 48. Bxb7 Kf7 49. a6 Nd7 50. a7 Kg7 51. Rxe6 1-0

[Event "Early-Titled-Tuesday-Blitz-March-05-2024"]
[Site "Chess.com"]
[Date "2024.03.05"]
[Round "9"]
[White "Nuvas"]
[Black "ChessLover0108"]
[Result "0-1"]
[WhiteElo "2803"]
[BlackElo "2956"]
[TimeControl "180+1"]
[EndTime "9:47:29 PST"]
[Termination "ChessLover0108 won by checkmate"]

1. d4 Nf6 2. c4 e6 3. Nc3 Bb4 4. Qc2 d5 5. a3 Bxc3+ 6. Qxc3 dxc4 7. Qxc4 b6 8. Bf4 Nd5 9. Bg3 O-O 10. Nf3 Ba6 11. Qc2 c5 12. e4 Bxf1 13. Rxf1 Nf6 14. Rd1 Qc8 15. dxc5 bxc5 16. Bd6 Rd8 17. e5 Ne8 18.
Ng5 f5 19. Qxc5 Nc6 20. f4 h6 21. Nxe6 Qxe6 22. Qxc6 Rac8 23. Qd5 Rxd6 24. Qxe6+ Rxe6 25. Rd2 Rec6 26. Ke2 Nc7 27. Rfd1 Ne6 28. Kf3 g5 29.
g3 R8c7 30. Rd6 Kf7 31. Rd7+ Kg6 32. Rxc7 Rxc7 33. Rd6 Kf7 34. Ra6 Rb7 35. b4 Rc7 36. Ke3 gxf4+ 37. gxf4 Ke7 38. Kf3 Rc3+ 39. Kf2 Nxf4 40.
Rxa7+ Ke6 41. b5 Kxe5 42. a4 Rb3 43. Ra6 Ke4 44. Rxh6 Rb2+ 45. Ke1 Ke3 46. Kd1 Nd3 47. Re6+ Kd4 48. b6 f4 49. a5 f3 50. a6 f2 51.
Rf6 Rxb6 52. Rf3 Rxa6 53. h4 Ra1+ 54. Ke2 Re1+ 55. Kd2 f1=Q 56. Rxf1 Rxf1 57. h5 Rf2+ 58. Kd1 Ke3 59. h6 Rd2# 0-1

[Event "Early-Titled-Tuesday-Blitz-March-05-2024"]
[Site "Chess.com"]
[Date "2024.03.05"]
[Round "9"]
[White "Binary010"]
[Black "KononenkoD"]
[Result "1-0"]
[WhiteElo "2817"]
[BlackElo "2610"]
[TimeControl "180+1"]
[EndTime "9:47:30 PST"]
[Termination "Binary010 won on time"]

1. e4 c6 2. d4 d5 3. e5 Bf5 4.
Nf3 e6 5. Be2 Ne7 6. c3 Nd7 7.
O-O c5 8. dxc5 Nxc5 9. Nd4 a6 10. Nxf5 Nxf5 11. Bd3 Nxd3 12. Qxd3 Bc5 13. Nd2 O-O 14. Nf3 h6 15. a4 Rc8 16. a5 Ba7 17. Bd2 Rc5 18.
g4 Nh4 19. Nd4 Rxa5 20. Rae1 Ra2 21. Qb1 Bxd4 22. Qxa2 Nf3+ 23. Kg2 Nxd2 24. cxd4 Nxf1 25. Rxf1 Qb6 26. Rd1 Rc8 27. Rd2 Rc4 28. Qa3 Rxd4 29. Rc2 Rxg4+ 30. Kh3 Qd4 31. Qe7 Qf4 32. Rc3 Rg5 33.
Rg3 Rxg3+ 34. hxg3 Qxf2 35. Qxb7 Qf5+ 36. Kh4 Qxe5 37.
b4 g6 38. Kh3 d4 39. Qxa6 Qf5+ 40. Kg2 d3 41. Qc8+ Kh7 42. Qd7 Kg7 43. b5 Qe4+ 44. Kh3 Qh1+ 45. Kg4 Qh5+ 46. Kf4 Qg5+ 47. Kf3 d2 48.
Ke2 Qg4+ 49. Kxd2 Qb4+ 50. Kc2 Qc4+ 51. Kd2 Qb4+ 52. Kd3 Qb3+ 53. Ke4 Qc4+ 54. Qd4+ Qxd4+ 55. Kxd4 h5 56. b6 g5 57. b7 h4 58. gxh4 gxh4 59.
b8=Q h3 60. Qh2 f5 61. Qxh3 1-0

[Event "Early-Titled-Tuesday-Blitz-March-05-2024"]
[Site "Chess.com"]
[Date "2024.03.05"]
[Round "9"]
[White "MeesvanOsch"]
[Black "Ralf61"]
[Result "0-1"]
[WhiteElo "2368"]
[BlackElo "2544"]
[TimeControl "180+1"]
[EndTime "9:47:30 PST"]
[Termination "Ralf61 won on time"]

1. e4 c5 2. Nf3 d6 3. d4 cxd4 4. Nxd4 Nf6 5. Nc3 a6 6. Be3 e5 7. Nb3 Be6 8. f4 Qc7 9. f5 Bd7 10. g4 Bc6 11. Bg2 h6 12. h4 h5 13. g5 Ng4 14.
Bg1 Nd7 15. Bf3 b5 16. Bxg4 hxg4 17. Qxg4 b4 18. Ne2 Qb7 19. Na5 Qb5 20. Nxc6 Qxc6 21. O-O-O Rc8 22. Rd2 a5 23. Kb1 a4 24. Bf2 Be7 25. h5 Bd8 26. h6 gxh6 27. g6 Bg5 28.
Qxg5 hxg5 29. Rxh8+ Ke7 30. g7 Nf6 31. Be3 Qa8 32. Rxc8 Qxc8 33. Bxg5 Qg8 34. Rxd6 Kxd6 35. Bxf6 Qh7 36. Nc1 Kd7 37. a3 bxa3 38. bxa3 Kd6 39. Kb2 Qg8 40. Nd3 Qb8+ 41. Ka2 Qc8 42. Kb2 Qb8+ 43.
Kc1 Qc8 44. Bxe5+ Ke7 45. f6+ Ke6 46. Bd4 Kd7 47. Nc5+ Kc6 48. c3 Qg4 49. Kd2 Kb5 50.
Nd3 Qg2+ 51. Nf2 Kc4 52. Ke3 Qg3+ 53. Ke2 Qg2 54. e5 Qg6 55. Ke3 Kb3 56. Ne4 Kxa3 57. Nc5 Qg3+ 58. Ke4 Qg2+ 59. Kf4 Kb2 0-1

[Event "Early-Titled-Tuesday-Blitz-March-05-2024"]
[Site "Chess.com"]
[Date "2024.03.05"]
[Round "9"]
[White "wonderfultime"]
[Black "alexrustemov"]
[Result "1-0"]
[WhiteElo "3035"]
[BlackElo "2808"]
[TimeControl "180+1"]
[EndTime "9:47:31 PST"]
[Termination "wonderfultime won on time"]

1. d4 d5 2. Nf3 Nf6 3. Bf4 c5 4.
c3 Qb6 5. Qc2 g6 6. e3 Bf5 7. dxc5 Qxc5 8. Qb3 Qb6 9. Qxb6 axb6 10. Na3 Na6 11. Nb5 Rc8 12. Be2 Bg7 13.
O-O O-O 14. Rfd1 Rfd8 15. h3 Ne4 16. Bh2 f6 17. Nfd4 Bd7 18. Nb3 Be8 19. N5d4 Bd7 20. Nb5 Be8 21. a4 Nac5 22. Nxc5 Nxc5 23. Bf3 Bf7 24. Bc7 Rd7 25. Bxb6 e5 26. a5 Bf8 27. Bg4 f5 28. Bf3 Be6 29. b4 Ne4 30. Rac1 Kf7 31. Be2 Be7 32. f3 Nd6 33. Nxd6+ Rxd6 34. Bb5 Bd7 35.
Bxd7 Rxd7 36. Kf2 Ke6 37. Ke2 Rd6 38. f4 Rdc6 39. b5 Rxc3 40. Rxc3 Rxc3 41. Ra1 Rc8 42. a6 bxa6 43. bxa6 Ra8 44. a7 Bd6 45. fxe5 Bxe5 46. Ra6 Kd7 47. Kd3 Kc6 48. Bd4+ Kb7 49. Ra5 Bxd4 50. Kxd4 Rxa7 51. Rxa7+ Kxa7 52. Kxd5 Kb6 53. Ke5 Kc5 54. Kf6 Kd5 55. Kg7 Ke4 56. Kxh7 Kxe3 57.
Kxg6 f4 58. Kf5 1-0

[Event "Early-Titled-Tuesday-Blitz-March-05-2024"]
[Site "Chess.com"]
[Date "2024.03.05"]
[Round "9"]
[White "Eagle_2019"]
[Black "SnekkerAndersen"]
[Result "0-1"]
[WhiteElo "2865"]
[BlackElo "2676"]
[TimeControl "180+1"]
[EndTime "9:47:31 PST"]
[Termination "SnekkerAndersen won on time"]

1. c4 e5 2. Nc3 d6 3. g3 f5 4. d4 e4 5. Bg2 Nf6 6. f3 exf3 7. Nxf3 Be7 8. O-O O-O 9. Qd3 Nc6 10. a3 Qe8 11. e4 fxe4 12. Nxe4 Nxe4 13. Qxe4 Bf6 14. Qxe8 Rxe8 15. Bg5 Bxd4+ 16. Nxd4 Nxd4 17. Rae1 Be6 18. Bxb7 Rab8 19. Bd5 Bxd5 20. Rxe8+ Rxe8 21. cxd5 Re2 22. Bd8 Rc2 23. b4 h5 24. Rf2 Rc1+ 25. Kg2 a6 26. Kh3 Kh7 27. Rf7 Kg6 28. Rxc7 Rd1 29.
Ra7 Rd2 30. g4 Rd3+ 31. Kg2 hxg4 32. Rxa6 Kf5 33. Ra7 Rd2+ 34. Kg3 Rd3+ 35. Kg2 Rd2+ 36. Kg3 Ne2+ 37. Kh4 Nf4 38. Rf7+ Ke4 39. Kxg4 Rg2+ 40.
Kh4 Rxh2+ 41. Kg4 Rg2+ 42. Kh4 Rh2+ 43. Kg3 Rg2+ 44. Kh4 Kf3 45. Rxf4+ Kxf4 46. Kh3 Rb2 47. Be7 Ke5 48. Bf8 Kxd5 49. Bxg7 Rb3+ 50. Kg4 Rxa3 51. Bh6 Rb3 52. Bd2 Ke4 53. Be1 d5 54. Bf2 Rxb4 55.
Kg3 Rb3+ 56. Kg2 d4 57. Kf1 d3 58. Ke1 Rb2 59. Bc5 Kd5 60. Be3 Re2+ 0-1

[Event "Early-Titled-Tuesday-Blitz-March-05-2024"]
[Site "Chess.com"]
[Date "2024.03.05"]
[Round "9"]
[White "Neijin"]
[Black "scarabee43"]
[Result "0-1"]
[WhiteElo "2725"]
[BlackElo "2885"]
[TimeControl "180+1"]
[EndTime "9:47:33 PST"]
[Termination "scarabee43 won by resignation"]

1. e4 c5 2. Nf3 e6 3. d4 cxd4 4. Nxd4 Nc6 5. Nc3 Qc7 6. g3 a6 7. Bg2 Nf6 8. O-O Nxd4 9. Qxd4 Bc5 10. Bf4 d6 11. Qd3 h6 12. Na4 e5 13. Bd2 O-O 14. c4 Ba7 15. Bb4 Rd8 16. Rad1 Be6 17. b3 Rac8 18. Rd2 Qc6 19. Nc3 Nd7 20. Qxd6 Nb8 21.
Qxd8+ Rxd8 22. Rxd8+ Kh7 23. Nd5 b5 24. Rc1 Qb7 25.
cxb5 axb5 26. Rc7 Qa6 27. a4 Bxd5 28. exd5 Qb6 29. Rc2 Qxd8 30. Be4+ g6 31. axb5 Nd7 32. d6 f5 33. Bc6 Bb6 34. Ra2 Nf6 35. Ra8 Bxf2+ 36.
Kxf2 Qb6+ 37. Kf1 Ng4 38. Ke2 Qe3+ 39. Kd1 Qxb3+ 40. Kc1 Ne3 41. Kd2 Nc4+ 42. Ke1 Qxb4+ 43. Kf1 Nxd6 44. Ra7+ Kg8 45. Ra8+ Kg7 46. Ra7+ Kf6 47. Rd7 Nc4 48. Bd5 Qxb5 49. Rf7+ Kg5 50. h4+ Kg4 51. Kg2 Ne3+ 52. Kh2 Qe2+ 53. Kh1 Qe1+ 54. Kh2 Qxg3+ 55. Kh1 Qxh4+ 56. Kg1 Qg3+ 57. Kh1 Nxd5 58. Ra7 Nf4 59. Ra2 Qe1+ 60. Kh2 Nd3 61. Rg2+ Kf3 62. Rc2 Qf2+ 63.
Kh1 Qxc2 0-1

[Event "Early-Titled-Tuesday-Blitz-March-05-2024"]
[Site "Chess.com"]
[Date "2024.03.05"]
[Round "9"]
[White "GMSrinath"]
[Black "Shushik"]
[Result "1-0"]
[WhiteElo "2804"]
[BlackElo "2558"]
[TimeControl "180+1"]
[EndTime "9:47:33 PST"]
[Termination "GMSrinath won by checkmate"]

1. e4 e5 2. Nf3 Nc6 3. Bb5 Nf6 4. d3 d6 5. O-O a6 6. Ba4 b5 7. Bb3 Na5 8. Re1 Be7 9. d4 exd4 10. c3 Nxb3 11.
axb3 dxc3 12. Nxc3 Bg4 13. h3 Bh5 14. g4 Bg6 15. e5 dxe5 16. Qxd8+ Kxd8 17. Nxe5 Bd6 18. Nxb5 Re8 19. Nxd6 cxd6 20. Nf3 Rxe1+ 21. Nxe1 Kd7 22. f3 Nd5 23. Bd2 f6 24. Kf2 h6 25. Ra3 Nc7 26. Ng2 Nb5 27. Ra5 Nd4 28. Ra3 Bf7 29. b4 Nb5 30.
Ra1 Nd4 31. Bc3 Nb5 32. Ne3 d5 33. Nf5 Bg6 34. Nxg7 d4 35. Bxd4 Nxd4 36. Rd1 Rc8 37. Rxd4+ Ke7 38. f4 Rc2+ 39. Kg3 Rxb2 40. f5 Bf7 41. Re4+ Kd7 42. Ne6 Kd6 43. Nc5 Ra2 44. Kf4 Bd5 45. Rd4 Rf2+ 46. Kg3 Rf3+ 47. Kh4 Ke5 48. Rd3 Rf1 49. Nd7+ Ke4 50. Rd2 Bc4 51. Nxf6+ Kf3 52. Nd7 Bb5 53. Ne5+ Ke3 54. Rd6 Ke4 55.
Nf7 Kf4 56. Nxh6 Rh1 57. Nf7 Bf1 58. Ng5 Ke5 59. Re6+ Kf4 60. Re4# 1-0

[Event "Early-Titled-Tuesday-Blitz-March-05-2024"]
[Site "Chess.com"]
[Date "2024.03.05"]
[Round "9"]
[White "Eloist"]
[Black "campochess"]
[Result "1/2-1/2"]
[WhiteElo "2414"]
[BlackElo "2228"]
[TimeControl "180+1"]
[EndTime "9:47:33 PST"]
[Termination "Game drawn by repetition"]

1. e4 c5 2. Nf3 Nc6 3. Bb5 e5 4. O-O Bd6 5. c3 Nge7 6. d4 Qc7 7. d5 Nd8 8. Bd3 O-O 9. c4 Ng6 10. Nc3 a6 11. Re1 Be7 12. Bd2 d6 13. a3 f5 14.
exf5 Bxf5 15. Bxf5 Rxf5 16. Qc2 Rf8 17. Ne4 Nf7 18. b4 b6 19. Rab1 a5 20. bxc5 bxc5 21. Rb5 Rfb8 22. Reb1 Nf4 23. Bxa5 Qa7 24. Rxb8+ Rxb8 25. Rxb8+ Qxb8 26. g3 Nh3+ 27. Kg2 Nhg5 28. Nfxg5 Nxg5 29. Nxg5 Bxg5 30. Qf5 Bf6 31. Qe6+ Kh8 32. Bc7 Qa8 33.
Bxd6 h6 34. Bxc5 Qa4 35. Bb4 Qc2 36. Qg4 e4 37. c5 Qc4 38. Qc8+ Kh7 39. Qf5+ Kh8 40.
c6 e3 41. fxe3 Qe2+ 42. Qf2 Qc4 43. Qd2 Qe4+ 44. Kg1 Bg5 45. Bc5 Qc4 46. Bd4 Kh7 47. d6 Qxc6 48. Qd3+ g6 49. Be5 Qf3 50. Bf4 Bxf4 51.
gxf4 Qg4+ 52. Kf2 Qh4+ 53. Ke2 Qxh2+ 54. Kd1 Qh1+ 55. Kd2 Qg2+ 56. Kc3 Qc6+ 57. Kb4 Qb6+ 58. Kc4 Qc6+ 59. Kb3 Qb6+ 60. Ka2 Qc6 61. d7 Qg2+ 62.
Kb3 Qb7+ 63. Kc3 Qc6+ 64. Kd2 Qg2+ 65. Kd1 Qh1+ 66. Kc2 Qg2+ 67. Kb1 Qh1+ 68. Ka2 Qg2+ 69. Kb3 Qb7+ 70. Kc4 Qc6+ 71. Kb3 Qb7+ 1/2-1/2

[Event "Early-Titled-Tuesday-Blitz-March-05-2024"]
[Site "Chess.com"]
[Date "2024.03.05"]
[Round "9"]
[White "Anton_Demchenko"]
[Black "Szparu"]
[Result "1/2-1/2"]
[WhiteElo "2905"]
[BlackElo "2786"]
[TimeControl "180+1"]
[EndTime "9:47:35 PST"]
[Termination "Game drawn - insufficient material"]

1. e4 c5 2. Nf3 a6 3. d4 cxd4 4. Qxd4 Nc6 5. Qe3 Nf6 6. Nc3 d6 7. h3 g6 8. Bc4 Bg7 9. O-O O-O 10. a4 Qc7 11. Qe2 Bd7 12. Bg5 Be6 13. Bxe6 fxe6 14. Qc4 Qc8 15. Rfe1 Na5 16. Qxc8 Raxc8 17. e5 dxe5 18. Nxe5 Rfd8 19. Re2 Rd6 20. Rae1 Nd5 21.
Nxd5 Rxd5 22. Nf3 Bxb2 23. Rxe6 Bc3 24. R1e2 Nc6 25. Bxe7 Re8 26. Ba3 Rxe6 27. Rxe6 Ra5 28. Re8+ Kf7 29. Rf8+ Kg7 30. Rc8 Rxa4 31. Rc7+ Kf6 32.
Bf8 Ke6 33. Rxb7 Ne5 34. Ng5+ Kd5 35. Nxh7 Ra1+ 36. Kh2 Bd4 37. Nf6+ Kc6 38. Re7 g5 39. Re6+ Kb5 40. Ne4 Re1 41. f3 Kc4 42. Rxa6 Re2 43. Kg3 Nf7 44. Rc6+ Kd5 45. Rc8 Be5+ 46. Kg4 Rxg2+ 47.
Kf5 Rh2 48. c4+ Kd4 49. Bc5+ Kd3 50. Rf8 Rxh3 51. Ke6 Rxf3 52. Rxf7 Rxf7 53. Kxf7 Kxe4 54.
Be7 g4 55. Bh4 Kd4 56. Kg6 Kxc4 57. Kf5 g3 58. Kxe5 g2 59. Bf2 Kd3 60. Bg1 Ke2 61. Kf4 Kf1 62. Bd4 g1=Q 63. Bxg1 1/2-1/2

[Event "Early-Titled-Tuesday-Blitz-March-05-2024"]
[Site "Chess.com"]
[Date "2024.03.05"]
[Round "9"]
[White "Doublekk14"]
[Black "Casper"]
[Result "1/2-1/2"]
[WhiteElo "2360"]
[BlackElo "2507"]
[TimeControl "180+1"]
[EndTime "9:47:35 PST"]
[Termination "Game drawn - insufficient material"]

1. c4 a6 2. Nc3 Nf6 3. e4 d6 4. d4 g6 5. Nf3 Bg7 6. Be2 Bg4 7.
Be3 Nc6 8. h3 Bxf3 9. Bxf3 e5 10.
d5 Ne7 11. Qd2 h5 12. Be2 O-O 13. O-O-O Qb8 14. g4 h4 15. Bg5 b5 16. c5 b4 17.
Na4 Nxe4 18. Qe3 Nxg5 19. Qxg5 b3 20. a3 Qe8 21. c6 Nxd5 22. Rxd5 Qxc6+ 23. Nc3 e4 24. Kb1 Bxc3 25. Rc1 Qb6 26. Rxc3 Qxf2 27. Qe3 Qxe3 28. Rxe3 f5 29. gxf5 gxf5 30. Rc3 Rf7 31. Bc4 Kh7 32. Rxd6 Rg7 33. Rd1 f4 34. Bd5 Re8 35. Rc4 Rge7 36. Re1 e3 37. Rxf4 e2 38.
Rf2 Re3 39. Bc4 Rxh3 40. Rfxe2 Rxe2 41. Bxe2 Re3 42. Kc1 Kh6 43. Kd2 Re5 44. Bf1 Rc5 45. Bxa6 Rc2+ 46. Kd3 Rxb2 47. Rh1 Kg5 48. Kc3 Rg2 49.
Kxb3 Kg4 50. Bc8+ Kg3 51. Rh3+ Kf4 52. Rxh4+ Ke5 53. Rh3 Kd6 54. Rd3+ Kc5 55. Rc3+ Kb6 56. Bd7 Rg7 57. Bf5 Rg1 58. Bd3 Rg3 59. Kc2 Rg1 60.
Kb3 Rg3 61. Kc4 Rg1 62. Bc2 Rg4+ 63. Kb3 Rh4 64. Rd3 Rf4 65. Kc3 Rh4 66. a4 Rf4 67.
Bb3 Rh4 68. Bc4 Rh1 69. Kb4 Rb1+ 70. Rb3 Rh1 71. a5+ Ka7 72. a6 Rh6 73. Rd3 Rb6+ 74.
Kc5 Rh6 75. Rd7 Kb8 76. Rd8+ Ka7 77. Rc8 Rh5+ 78. Bd5 c6 79. Kxc6 Rh7 80. Rc7+ Rxc7+ 81. Kxc7 Kxa6 1/2-1/2